 Dungeon Crawl Stone Soup version 0.22-a0-348-gd16d139 (webtiles) character file.

446 Amnesiac the Slicer (level 6, -2/27 (32) HPs)
             Began as a Spriggan Berserker on Apr 11, 2018.
             Was an Initiate of Gozag.
             Slain by a polar bear (3 damage)
             ... created by the rage of Trog
             ... on level 4 of the Dungeon.
             The game lasted 00:09:43 (4945 turns).

Amnesiac the Slicer (Spriggan Berserker)            Turns: 4945, Time: 00:09:43

HP:   -2/27 (32)    AC:  2    Str: 14 (15) XL:     6   Next: 73%
MP:   7/7           EV: 20    Int: 11      God:    Gozag
Gold: 450           SH:  0    Dex: 16      Spells: 5/5 levels left

rFire    + . .     SeeInvis +   b - +0 hunting sling
rCold    . . .     Gourm    .   (shield restricted)
rNeg     . . .     Faith    .   l - +0 animal skin
rPois    .         Spirit   .   r - +0 hat {Int+3}
rElec    .         Reflect  .   (no cloak)
rCorr    .         Harm     .   (gloves unavailable)
MR       +....                  (boots unavailable)
Stlth    ++........             (no amulet)
HPRegen  0.09/turn              f - +3 ring of slaying
MPRegen  0.10/turn              h - ring of protection from fire

@: very quick
A: very small, unfitting armour, see invisible, herbivore, speed 3, slow
metabolism 2
a: Potion Petition, Call Merchant, Bribe Branch, Renounce Religion


You were on level 4 of the Dungeon.
You worshipped Gozag.
Gozag was aware of your devotion.
You were not hungry.

You visited 1 branch of the dungeon, and saw 4 of its levels.
You also visited: Ossuary.

You collected 471 gold pieces.
You paid 21 gold pieces to Gozag.

Inventory:

Hand Weapons
 a - a +1 short sword of venom
 b - a +0 hunting sling (weapon)
 u - a +0 blowgun
Missiles
 n - 127 stones
 q - 12 sling bullets (quivered)
 t - 15 poisoned needles
 x - 2 tomahawks of returning
Armour
 l - a +0 animal skin (worn)
 r - a +0 hat of intelligence (worn)
Magical Staves
 v - an uncursed staff of cold
Jewellery
 f - a +3 ring of slaying (left hand)
 h - a ring of protection from fire (right hand)
Scrolls
 d - 5 scrolls of fog {!r, unknown}
 e - 5 scrolls of identify {!r}
 g - 2 scrolls of amnesia {!r, unknown}
 i - a scroll of enchant armour {!r, unknown}
 k - 2 scrolls of magic mapping {!r}
 m - 4 scrolls of teleportation {!r}
 p - 2 scrolls of enchant weapon {!r, unknown}
 w - 3 scrolls of remove curse {!r}
 y - a scroll of fear {!r, unknown}
 A - a scroll of random uselessness {!r, unknown}
Potions
 j - 2 potions of brilliance {!q}
 o - a potion of ambrosia {!q}
 s - a potion of might {!q, unknown}
 z - 2 potions of heal wounds {!q}
Comestibles
 c - 4 rations


   Skills:
 - Level 2.4 Fighting
 - Level 8.1 Short Blades
 - Level 4.4 Dodging
 + Level 3.1 Stealth


You had 5 spell levels left.
You didn't know any spells.

Dungeon Overview and Level Annotations

Branches:
Dungeon (4/15)
 Temple: D:4-7

Altars:
Gozag
Ru
Trog

Shops:
D:2 *


Innate Abilities, Weirdness & Mutations

You are very small and have problems with some larger weapons.
You are too small for most types of armour.
You have supernaturally acute eyesight. (SInv)
You are a herbivore.
You cover ground extremely quickly.
You need to consume almost no food.


Message History

q - 12 sling bullets (gained 1) As you open the door, it creaks loudly!
Found two gates leading back out of this place.
You found an arrow trap!
You found a needle trap!
Found four items.
There is an open door here.
You avoid triggering a needle trap.
There is a needle trap here.
w - 3 scrolls of remove curse {!r} (gained 1)
o - a potion of ambrosia {!q}
j - 2 potions of brilliance {!q} (gained 1)
You now have 450 gold pieces (gained 9).
d - 3 scrolls labeled VEUSHR OMIUZXOVIR {!r} (gained 1)
s - a dark potion {!q}
y - a scroll labeled WIAMYCVAKHE {!r}
A - a scroll labeled VUNYCEUGGIT {!r}
e - 3 scrolls of identify {!r} (gained 1)
d - 4 scrolls labeled VEUSHR OMIUZXOVIR {!r} (gained 1)
B - a scroll labeled VICAXE RESEH {!r}
d - 5 scrolls labeled VEUSHR OMIUZXOVIR {!r} (gained 1)
e - 4 scrolls of identify {!r} (gained 1)
e - 5 scrolls of identify {!r} (gained 1) Done exploring.
Done exploring.
Done exploring.
There is a gate leading back out of this place here.
You start waiting.
Done waiting.
You start waiting.
Done waiting.
You start waiting.
Done waiting.
You start waiting.
Done waiting.
You start waiting.
Trog's voice booms out, "Feel my wrath!"
You feel your flesh rotting away!
You feel ill.
Unknown command.
You start waiting.
You are feeling hungry.
You start waiting.
You feel your health improve.
You eat one of the 5 rations.
That ration really hit the spot!
You start waiting.
Trog sends monsters to punish you. 5 polar bears and a black bear come into view.
Welcome back to the Dungeon!
An arrow hits the polar bear!
There is a collapsed entrance here.
Okay, then.
Okay, then.
Really read
B - a scroll labeled VICAXE RESEH {!r}?
As you read the scroll labeled VICAXE RESEH {!r}, it crumbles to dust.
The creatures around you are filled with an inner flame!
It was a scroll of immolation {!r}.
The polar bear bites you! The polar bear barely misses you.
The polar bear completely misses you. The black bear misses you.
The black bear closely misses you. The black bear claws you.
The polar bear bites you!
Ouch! That really hurt!
* * * LOW HITPOINT WARNING * * *
The polar bear claws you but does no damage.
The polar bear claws you.
You die...
Your body crumbles into a pile of gold.

#......#...............
###......#.............##
#........#.............#,
#.#......#.....##+######,
#..............#,,,,,,,,,
#..#####'#####.#,,,,,,,,,
##..##...^.##..#,,,,,,,,,
##..##hhh##...#,,,,,,,,,
##..##@##....#,,,,,,,,,
##..###.....#,,,,,,***
##..#......#,,,,,,*,,
##........#,,,,,,+,,
####.....+,,,,,,*,,
#.....#,,,,,,*,,
#.....#,,,,,,*,,
********#.....#*****,*,,
*,,,,,,,.#####..,,,*,***


You could see 2 polar bears and a black bear (berserk).

Vanquished Creatures
  An ice beast (D:3)
  An ogre (D:4)
  The ghost of Nib the Sneak, an amateur OpAs (D:3)
  An orc priest (D:3)
  Terence (D:2)
  A big kobold zombie (Ossuary)
  3 mummies (Ossuary)
  A gnoll (D:1)
  2 adders (D:2)
  An ooze (D:1)
  An adder skeleton (D:3)
  A worm (D:3)
  A dart slug (D:2)
  2 leopard geckos (D:3)
  3 orcs (D:3)
  6 giant cockroaches
  4 goblins
  3 hobgoblins
  3 kobolds
  2 quokkas
  A ball python (D:3)
  5 bats
  3 frilled lizards
  A gnoll zombie (Ossuary)
  3 goblin zombies (Ossuary)
  4 hobgoblin zombies (Ossuary)
  3 kobold zombies (Ossuary)
  2 quokka zombies (Ossuary)
  7 rats
  4 rat zombies (Ossuary)
72 creatures vanquished.

Notes
Turn   | Place    | Note
-------+----------+-------------------------------------------
     0 | D:1      | Amnesiac the Spriggan Berserker began the quest for the Orb.
     0 | D:1      | Reached XP level 1. HP: 11/11 MP: 2/2
    38 | D:1      | Reached skill level 4 in Short Blades
    38 | D:1      | Reached XP level 2. HP: 13/16 MP: 3/3
   834 | D:2      | Reached XP level 3. HP: 16/19 MP: 4/4
   838 | D:2      | Noticed Terence
   944 | D:2      | Found a sacrificial altar of Ru.
  1027 | D:2      | Killed Terence
  1027 | D:2      | Reached skill level 5 in Short Blades
  1186 | D:2      | Reached XP level 4. HP: 17/23 MP: 5/5
  1514 | D:2      | Found a bloodstained altar of Trog.
  1559 | D:2      | Found an opulent altar of Gozag.
  1578 | D:2      | Found Gozag's Platinum Reserve.
  1595 | D:2      | Fell from the grace of Trog
  1595 | D:2      | Became a worshipper of Gozag Ym Sagoz the Greedy
  2692 | D:3      | Noticed Nib's ghost (amateur OpAs)
  2692 | D:3      | Noticed an ice beast
  2725 | D:3      | Killed an ice beast
  2725 | D:3      | Reached skill level 6 in Short Blades
  2725 | D:3      | Reached XP level 5. HP: 25/27 MP: 6/6
  2787 | D:3      | Killed Nib's ghost
  2787 | D:3      | Reached skill level 7 in Short Blades
  3018 | D:3      | Reached XP level 6. HP: 6/32 MP: 7/7
  3725 | D:4      | Reached skill level 8 in Short Blades
  3841 | D:4      | Found a sand-covered staircase.
  3876 | Ossuary  | Entered an ossuary
  3931 | Ossuary  | Reached skill level 1 in Stealth
  4943 | Ossuary  | Noticed a polar bear
  4943 | Ossuary  | Noticed a polar bear
  4943 | Ossuary  | Noticed a polar bear
  4943 | Ossuary  | Noticed a polar bear
  4943 | Ossuary  | Noticed a polar bear
  4945 | D:4      | HP: 1/27 [polar bear[the rage of Trog] (16)]
  4945 | D:4      | Slain by a polar bear

Vault maps used:
D:1:      lightli_arrival_isolated_outpost, interstate_on_off,
          minmay_strange_pillars, kennysheep_boxes
D:2:      lightli_temple_of_fire, lemuel_doored_altar,
          nicolae_gozag_zags_fifth_avenue, first_ration, minmay_liquid_box,
          uniq_terence
D:4:      overflow_temple_1_default, gup_ossuary_entry_pyramid,
          uniq_blork_the_orc
Ossuary:  ossuary_minmay_chase

Skill      XL: |  1  2  3  4  5  6 |
---------------+-------------------+-----
Short Blades   | 4 5 6 7 8 |  8.1
Stealth        | 3 |  3.1
Fighting       | |  2.4
Dodging        | |  4.4

Action                   |  1- 3 |  4- 6 || total
-------------------------+-------+-------++-------
Melee: Short sword       |    49 |   110 ||   159
       Dagger            |     4 |       ||     4
 Fire: Hunting sling     |    50 |    59 ||   109
Invok: Berserk           |     1 |       ||     1
  Use: Potion            |     1 |     1 ||     2
       Scroll            |       |     7 ||     7
 Stab: Sleeping          |     1 |     1 ||     2
  Eat: Ration            |       |     2 ||     2
Armor: Animal skin       |     3 |     6 ||     9
Dodge: Dodged            |    54 |    96 ||   150

Table legend:
 A = Spawn XP
 B = Non-spawn XP
 C = Spawn XP percentage of total XP
 D = Spawn monster count
 E = Non-spawn monster count
 F = Spawn count percentage of total count
 G = Total turns spent on level
                    A         B        C        D         E        F      G
               +---------+---------+-------+---------+---------+-------+---------
         Total |       0 |     638 |   0.0 |       0 |      72 |   0.0 |  4945
               +---------+---------+-------+---------+---------+-------+---------
           D:1 |       0 |      38 |   0.0 |       0 |      13 |   0.0 |   736
           D:2 |       0 |      74 |   0.0 |       0 |      11 |   0.0 |  1770
           D:3 |       0 |     312 |   0.0 |       0 |      22 |   0.0 |  1036
           D:4 |       0 |     120 |   0.0 |       0 |       5 |   0.0 |   335
       Ossuary |       0 |      94 |   0.0 |       0 |      21 |   0.0 |  1068
               +---------+---------+-------+---------+---------+-------+---------
